 Dungeon Crawl Stone Soup version 0.18-a0-1745-gffa9a88 (webtiles) character file.

276922 M4edhros the Peltast (level 20, -5/128 HPs)
             Began as an Octopode Artificer on Apr 11, 2016.
             Was a High Priest of Fedhas.
             Slain by a tarantella (16 damage)
             ... on level 4 of the Spider Nest on Apr 12, 2016.
             The game lasted 03:48:45 (56934 turns).

M4edhros the Peltast (Octopode Artificer)          Turns: 56934, Time: 03:48:45

Health: -5/128     AC:  0    Str: 18 (20) XL:     20   Next: 78%
Magic:  0/38       EV: 28    Int: 21 (22) God:    Fedhas [*****.]
Gold:   3514       SH: 19    Dex: 28 (29) Spells: 8 memorised, 10 levels left

rFire  + . .     SeeInvis +     m - +7 eveningstar (crush)
rCold  + + .     Gourm    .     p - +4 shield of Atheism {rN+}
rNeg   + + .     Faith    .     F - -2 hat of the Alchemist {rElec rPois rF+ rC+ rN+ MR+ rMut rCorr}
rPois  +         Spirit   +     x - amulet of guardian spirit
rElec  +         Dismiss  .     Y - +6 ring of dexterity
rCorr  +         Reflect  .     I - ring "Zayruw" {rPois Int+3}
rMut   +         Harm     .     (no ring)
SustAt .                        U - ring of Liberty {MP+9 Str+6}
MR     ++++.                    N - ring of Ru's Brutal Revenge {rElec Int+2 Dex+3 Stlth+}
Stlth  +++++++++.               d - ring of Apueno {SInv Stlth+}
                                G - ring of protection from cold
                                J - +5 ring of intelligence

@: repel missiles, incredibly resistant to hostile enchantments, incredibly
stealthy
A: almost no armour, amphibious, 8 rings, constrict 8, antennae 1, fangs 1,
camouflage 1, agile 1, dopey 1, magic resistance 2, mutation resistance 1,
poison resistance, shaggy fur 1, gelatinous body 1, no device heal 1
a: Evolution, Sunlight, Growth, Reproduction, Rain, Renounce Religion
}: 1/15 runes: decaying


You were on level 4 of the Spider Nest.
You worshipped Fedhas.
Fedhas was extremely pleased with you.
You were not hungry.

You visited 7 branches of the dungeon, and saw 37 of its levels.
You also visited: Labyrinth, Ice Cave and Wizlab.

You collected 4625 gold pieces.
You spent 1111 gold pieces at shops.

Inventory:

Hand Weapons
 f - a +0 blowgun
 m - a +7 eveningstar of crushing (weapon)
 n - a +1 trident of protection
 s - the +6 greatsling of Fidil {velocity, rN+ Int-5 Dex+2 Stlth+}
   (You bought it in a shop on level 5 of the Dungeon)

   Any stone fired from it inflicts extra damage.
   It affects your intelligence (-5).
   It affects your dexterity (+2).
   It protects you from negative energy.
   It makes you more stealthy.
 y - the +8 long sword "Nintabio" {vamp, rElec Int+4 Stlth+}
   (You found it on level 5 of the Lair of Beasts)

   It inflicts no extra harm, but heals its wielder somewhat when it strikes a
   living foe.
   It affects your intelligence (+4).
   It insulates you from electricity.
   It makes you more stealthy.
Missiles
 e - 489 stones (quivered)
 l - 132 sling bullets
 R - 13 curare-tipped needles
Armour
 p - the +4 shield of Atheism (worn) {rN+}
   (You found it on level 11 of the Dungeon)

   It protects you from negative energy.
 F - the -2 hat of the Alchemist (worn) {rElec rPois rF+ rC+ rN+ MR+ rMut rCorr}
   (You found it in a wizard's laboratory)

   It protects you from fire.
   It protects you from cold.
   It insulates you from electricity.
   It protects you from poison.
   It protects you from negative energy.
   It affects your resistance to hostile enchantments.
   It protects you from acid and corrosion.
   It protects you from mutation.
Rods
 a - a +6 rod of shadows (10/10)
   (You found it on level 3 of the Elven Halls)
 b - a +4 rod of clouds (13/13)
   (You found it on level 3 of the Elven Halls)
 V - a +1 rod of clouds (14/14)
   (You found it on level 2 of the Spider Nest)
Jewellery
 d - the ring of Apueno (on tentacle) {SInv Stlth+}
   (You found it on level 5 of the Lair of Beasts)

   [ring of see invisible]

   It lets you see invisible.
   It makes you more stealthy.
 x - an amulet of guardian spirit (around mantle)
 G - a ring of protection from cold (on tentacle)
 I - the ring "Zayruw" (right tentacle) {rPois Int+3}
   (You found it on level 3 of the Elven Halls)

   [ring of poison resistance]

   It affects your intelligence (+3).
   It protects you from poison.
 J - a +5 ring of intelligence (on tentacle)
 N - the ring of Ru's Brutal Revenge (on tentacle) {rElec Int+2 Dex+3 Stlth+}
   (You took it off a deep elf sorcerer on level 3 of the Elven Halls)

   [ring of dexterity]

   It affects your intelligence (+2).
   It affects your dexterity (+3).
   It insulates you from electricity.
   It makes you more stealthy.
 U - the ring of Liberty (on tentacle) {MP+9 Str+6}
   (You took it off a deep elf mage on level 3 of the Elven Halls)

   [ring of magical power]

   It affects your strength (+6).
   It affects your magic capacity (+9).
 W - an uncursed amulet of the gourmand
 Y - a +6 ring of dexterity (left tentacle)
Wands
 c - a wand of iceblast (0/15)
 o - a wand of iceblast (10/15)
 u - a wand of heal wounds (6/9)
 C - a wand of paralysis (19/24)
 D - a wand of confusion (6/48)
 O - a wand of polymorph (18/24)
 P - a wand of iceblast (0/15)
 T - a wand of iceblast (11/15)
Scrolls
 h - 8 scrolls of identify
 k - 4 scrolls of recharging
 t - 5 scrolls of summoning
 E - 3 scrolls of magic mapping
 H - 8 scrolls of teleportation
 S - 8 scrolls of fog
Potions
 g - 4 potions of magic
 j - 5 potions of agility
 q - 5 potions of might
 z - a potion of haste
 L - a potion of resistance
 M - a potion of brilliance
 X - a potion of ambrosia
Books
 Q - a book of Enchantments

   Spells                             Type                      Level
   a - Cause Fear                     Hexes                        4
   b - Yara's Violent Unravelling     Hexes/Transmutation          5
   c - Silence                        Hexes/Air                    5
   d - Deflect Missiles               Charms/Air                   6
   e - Haste                          Charms                       6
   f - Discord                        Hexes                        8
Miscellaneous
 v - a disc of storms
 K - a stone of tremors (inert)
Comestibles
 w - 6 beef jerkies
 A - 8 meat rations
 B - 34 fruits
 Z - 6 bread rations


   Skills:
 - Level 8.4 Fighting
   Level 1.0 Short Blades
 * Level 11.4 Maces & Flails
 - Level 8.6 Polearms
 - Level 14.0 Slings
 - Level 13.2 Dodging
 - Level 14.6 Stealth
 - Level 15.8 Shields
 - Level 6.1 Spellcasting
 - Level 6.3 Charms
 - Level 6.2 Necromancy
 - Level 13.0 Invocations
 + Level 13.2 Evocations


You had 10 spell levels left.
You knew the following spells:

 Your Spells              Type           Power        Failure   Level  Hunger
a - Repel Missiles        Chrm/Air       ###...       4%          2    None
b - Blink                 Tloc           N/A          14%         2    None
c - Shroud of Golubria    Chrm/Tloc      ###.......   4%          2    None
d - Swiftness             Chrm/Air       ###.....     4%          2    None
e - Regeneration          Chrm/Necr      ####......   2%          3    ##.....
f - Summon Lightning Spi  Summ/Air       #.......     87%         4    ####...
g - Ozocubu's Armour      Chrm/Ice       ###.....     10%         3    ##.....
h - Mephitic Cloud        Conj/Pois/Air  #.......     30%         3    ##.....


Dungeon Overview and Level Annotations

Branches:
Dungeon (15/15)            Temple (1/1) D:7            Lair (8/8) D:8
  Swamp (4/4) Lair:4       Spider (4/4) Lair:3        Slime (0/6) Lair:6
    Orc (2/2) D:10            Elf (3/3) Orc:2        Vaults (0/5) D:14
 Depths (0/5) D:15

Altars:
Ashenzari
Cheibriados
Dithmenos
Elyvilon
Fedhas
Gozag
Kikubaaqudgha
Makhleb
Ru
Sif Muna
Vehumet
Xom
Yredelemnul
Zin
The Shining One
Beogh
Jiyva

Shops:
D:5 :(**   D:9 (   D:14 %   Orc:2 (!:(??!?   Elf:1 *

Portals:
Trove: Elf:3 (give 2 scrolls of acquirement)

Annotations:
Spider:4 Nikola
Orc:2 exclusion: hyperactive ballistomycete


Innate Abilities, Weirdness & Mutations

You cannot wear most types of armour.
You are amphibious.
You can wear up to eight rings at the same time.
You can use your tentacles to constrict eight enemies at once.
Your skin changes colour to match your surroundings (Stealth).
Your rubbery body absorbs attacks (AC +1).
You have a pair of small antennae on your head.
You have very sharp teeth.
You are agile. (Dex +2)
You are dopey. (Int -2)
You are highly resistant to hostile enchantments.
You are somewhat resistant to further mutation.
Your system is resistant to poisons.
You are covered in fur (AC +1).
Potions and wands are less effective at restoring your health.


Message History

* * * LOW HITPOINT WARNING * * *
You are confused.
The wolf spider struggles to escape constriction.
The tarantella bites you!
* * * LOW HITPOINT WARNING * * *
An orb spider comes into view.
Drink which item? (? for menu, Esc to quit)
You feel better.
You constrict the wolf spider.
You kill the wolf spider!
You block the tarantella's attack. x2; The tarantella bites you!
* * * LOW HITPOINT WARNING * * *
You are confused.
Unknown command.
Drink which item? (? for menu, Esc to quit)
Okay, then.
Drink which item? (? for menu, Esc to quit)
You feel better.
The tarantella completely misses you. x2
The redback misses you. The tarantella bites you!
You die...
Fedhas appreciates your contribution to the ecosystem.

### #.(........y. #####
#####.#####s.......^y.
###...###......#.....s.....(s.
#................).......((...
##.##......^..................
###..........................
#.........................#
#.........ss..............#
#.##<.....@s...............
###^.#^..((s.......#.......
#.###.#(..(((.^..#....... ###
###.(.(((((...#......
..###...((..(..#......
....?....(......#......
.!.......((.(...#.#....
..........^.$(..# ##..
##.............^####


You could see an orb spider (wandering), 3 tarantellas and a redback.

Vanquished Creatures
  Mara (Swamp:4)
  A mutant beast (WizLab)
  Arachne (Spider:3)
  An Ice Fiend (IceCv)
  Asterion (Elf:1)
  2 deep elf master archers (Elf:3)
  A deep elf blademaster (Elf:3)
  Kirke (D:14)
  Frances (D:14)
  The ghost of Sagrath01 the Fencer, an adept DsGl of Okawaru (Spider:4)
  3 deep elf sorcerers (Elf:3)
  Louise (Swamp:3)
  A frost giant (D:13)
  Maud (Lair:8)
  2 ghost moths
  Aizul (Swamp:3)
  5 emperor scorpions
  7 very ugly things
  3 deep elf elementalists (Elf:3)
  Azrael (D:12)
  Nessos (Lair:7)
  6 deep elf demonologists
  6 deep elf annihilators
  A minotaur (Lab)
  8 vault guards (D:14)
  3 deep elf death magi (Elf:3)
  An ettin (D:15)
  A fire dragon (Lair:8)
  2 deep elf high priests (Elf:3)
  2 entropy weavers (Spider:3)
  Harold (Orc:1)
  Josephine (D:13)
  21 hydras
  A ghost crab (Swamp:4)
  5 centaur warriors
  A tengu warrior (D:15)
  4 merfolk avatars (Swamp:3)
  25 dancing weapons
  An ogre mage (Orc:2)
  8 alligators
  12 death yaks
  An iron golem (WizLab)
  12 deep elf knights
  3 skeletal warriors (D:13)
  2 fire crabs (shapeshifter) (WizLab)
  A deep troll (D:15)
  An unseen horror (D:14)
  2 spriggan druids
  2 swamp dragons
  4 spectral hydras
  A lindwurm (Lair:6)
  A harpy (shapeshifter) (WizLab)
  16 deep elf archers
  4 hill giants
  2 phantasmal warriors (Swamp:4)
  4 orc knights
  Pikel (D:8)
  An anubis guard (shapeshifter) (WizLab)
  14 ugly things
  An orb spider (shapeshifter) (WizLab)
  13 orb spiders
  17 wolf spiders
  8 hornets
  51 deep elf magi
  3 cyclopes
  2 griffons
  Maurice (Orc:1)
  10 orc sorcerers
  A moth of wrath (Spider:3)
  2 manticores
  3 wandering mushrooms
  A guardian serpent (Lair:8)
  Joseph (D:8)
  An ice statue (IceCv)
  A centaur zombie (D:15)
  16 elephants
  A torpor snail (shapeshifter) (WizLab)
  A gargoyle (D:12)
  24 spiny frogs
  2 spiny frogs (shapeshifter) (WizLab)
  7 black mambas
  2 kobold demonologists
  3 torpor snails
  6 rime drakes
  An efreet (D:14)
  3 demonic crawlers
  7 freezing wraiths
  12 komodo dragons
  A tengu conjurer (D:15)
  3 anaconda simulacra (IceCv)
  6 ice devils (IceCv)
  A golden dragon simulacrum (IceCv)
  27 jumping spiders
  A queen bee (Spider:3)
  4 trolls (Orc:2)
  A polar bear (shapeshifter) (WizLab)
  4 giant leeches
  A polar bear (Lair:6)
  2 two-headed ogres
  Prince Ribbit (D:5)
  3 hydra skeletons (Swamp:4)
  34 blink frogs
  A boulder beetle (Spider:1)
  A minotaur skeleton (Lab)
  2 spectral swamp dragons (Swamp:4)
  23 slime creatures
  3 bog bodies
  A boulder beetle (shapeshifter) (WizLab)
  3 tarantellas (shapeshifter) (WizLab)
  19 tarantellas
  Sigmund (D:4)
  2 spriggans (shapeshifter) (WizLab)
  5 shadows
  3 air elementals
  42 redbacks
  22 yaks
  6 water elementals
  7 spriggans
  3 wraiths (D:13)
  6 alligator skeletons (Swamp:4)
  2 yaks (shapeshifter) (WizLab)
  3 dire elephant simulacra (IceCv)
  3 basilisks
  7 large abominations (WizLab)
  13 wyverns
  2 hogs (D:14)
  2 hungry ghosts
  A hippogriff (shapeshifter) (WizLab)
  6 hippogriffs
  5 fire elementals
  A hog (shapeshifter) (WizLab)
  30 vampire mosquitoes
  2 golden eyes (shapeshifter) (WizLab)
  3 harpy simulacra (IceCv)
  4 mottled dragons
  2 steam dragons (Lair:8)
  19 insubstantial wisps
  2 wargs (Orc:1)
  2 iron troll simulacra (IceCv)
  24 swamp worms
  19 water moccasins
  3 hydra simulacra (IceCv)
  A hell hound (D:12)
  4 giant eyeballs (WizLab)
  22 orc warriors
  4 porcupines
  5 ice beasts
  3 swamp drakes
  9 phantoms
  An eye of draining (D:9)
  16 wasps
  A black bear (shapeshifter) (WizLab)
  3 sky beasts
  A black bear (D:6)
  An alligator simulacrum (IceCv)
  A wolf (Lair:2)
  2 eyes of draining (shapeshifter) (WizLab)
  A boggart (D:13)
  7 small abominations
  4 ogres
  4 swamp dragon skeletons (Swamp:4)
  14 crocodiles
  8 centaurs
  9 big kobolds
  25 giant frogs
  5 earth elementals
  A wyvern skeleton (D:14)
  4 scorpions
  A swamp dragon simulacrum (IceCv)
  A water moccasin skeleton (D:14)
  9 killer bees
  4 wights (D:8)
  3 spriggan skeletons (Lab)
  2 howler monkeys
  4 electric eels
  A troll skeleton (Lab)
  2 crimson imps
  2 draconian simulacra (IceCv)
  A quasit (D:10)
  A wyvern simulacrum (D:15)
  A giant frog zombie (D:4)
  10 hounds
  35 orc wizards
  21 orc priests
  9 centaur skeletons
  21 iguanas
  3 jellies
  Natasha (thrice) (D:4)
  2 hell rats (Lair:2)
  17 worker ants
  3 troll simulacra (IceCv)
  8 sheep
  A wolf simulacrum (IceCv)
  A centaur simulacrum (IceCv)
  4 ogre skeletons (Lab)
  A hound skeleton (D:8)
  Robin (D:4)
  2 howler monkey skeletons
  20 adders
  8 gnolls
  A swamp drake zombie (Swamp:4)
  3 naga simulacra (IceCv)
  23 river rats
  A shadow imp (D:5)
  A swamp drake skeleton (Swamp:4)
  5 white imps (IceCv)
  5 ufetubi (IceCv)
  An adder skeleton (D:4)
  2 worms
  3 dart slugs
  9 giant geckos
  117 orcs
  2 ball pythons
  6 giant cockroaches
  13 goblins
  5 hobgoblins
  10 jackals (D:1)
  49 kobolds
  8 quokkas
  10 bats
  2 giant newts
  A jackal skeleton (D:4)
  5 rats
  2 ballistomycetes (Lair:8)
  6 giant spores
1462 creatures vanquished.

Vanquished Creatures (collateral kills)
  A deep elf blademaster (Elf:3)
  A fire giant (D:13)
  A deep elf demonologist (Elf:3)
  A deep elf death mage (Elf:3)
  An ettin (Orc:1)
  A deep elf high priest (Elf:1)
  Erolcha (D:8)
  4 hydras
  A centaur warrior (D:13)
  An alligator (Swamp:1)
  An orc high priest (Orc:2)
  3 death yaks
  A tengu warrior (D:13)
  The ghost of Sagrath01 the Cruncher, a novice CeGl of Okawaru (D:9)
  Sonja (D:11)
  2 deep elf archers (Elf:1)
  2 hill giants
  A hornet (Spider:1)
  2 deep elf magi (Elf:1)
  An orc sorcerer (Orc:2)
  2 wolf spiders
  An ugly thing (D:12)
  An elephant (Lair:6)
  3 black mambas
  2 spiny frogs
  3 komodo dragons
  An efreet (D:13)
  A tengu conjurer (D:13)
  A wandering mushroom (D:13)
  2 jumping spiders
  A troll (Orc:2)
  2 hippogriffs
  A tarantella (Spider:4)
  A fire elemental (D:12)
  4 redbacks
  A wraith (D:13)
  A basilisk (Lair:8)
  A wyvern (D:10)
  10 yaks
  4 vampire mosquitoes
  2 insubstantial wisps (Swamp:1)
  A soldier ant (D:12)
  3 hell hounds (D:12)
  4 water moccasins
  8 orc warriors
  2 sky beasts
  A phantom (D:7)
  A wasp (D:5)
  An ice beast (D:8)
  4 ogres
  2 centaurs
  3 crocodiles
  A big kobold (D:11)
  3 giant frogs
  A scorpion (D:8)
  3 killer bees (D:8)
  3 howler monkeys (D:8)
  6 orc priests
  5 orc wizards
  A worker ant (D:10)
  2 sheep (Orc:2)
  3 gnolls
  2 river rats
  14 orcs
  A quokka (D:8)
  4 kobolds
  A rat (Lair:2)
  15 giant spores
168 creatures vanquished.

Vanquished Creatures (others)
  2 oklob plants
  A thorn hunter (Swamp:3)
  A deep elf elementalist (Elf:3)
  2 deep elf annihilators (Elf:3)
  2 shambling mangroves
  A hornet (Swamp:3)
  A deep elf mage (Elf:2)
  A salamander (shapeshifter) (WizLab)
  A gargoyle (D:12)
  2 swamp worm zombies (Swamp:4)
  4 slime creatures (Swamp:3)
  A hornet zombie (D:15)
  9 bog bodies
  An air elemental (Elf:2)
  A redback (Spider:4)
  A wyvern (D:12)
  A human (D:14)
  An insubstantial wisp (Swamp:4)
  3 slaves (D:8)
  A wasp (Swamp:3)
  A necrophage (D:13)
  A centaur (D:5)
  2 killer bees (D:8)
  A big kobold (D:8)
  A howler monkey (D:8)
  2 worker ants
  2 worker ant zombies
  5 gnolls (D:8)
  A river rat (Lair:8)
  A shadow imp (D:8)
  A white imp (IceCv)
  An ufetubus (IceCv)
  A dart slug (D:2)
  An orc (D:14)
  A jackal (D:1)
  65 wandering mushrooms
  62 ballistomycetes
  A bush (Lair:1)
  60 fungi
  21 giant spores
  A hyperactive ballistomycete (Elf:3)
  35 plants
  1195 toadstools
1499 creatures vanquished.

Grand Total: 3129 creatures vanquished

Notes
Turn   | Place    | Note
--------------------------------------------------------------
     0 | D:1      | M4edhros the Octopode Artificer began the quest for the Orb.
     0 | D:1      | Reached XP level 1. HP: 13/13 MP: 3/3
    74 | D:1      | Reached XP level 2. HP: 15/18 MP: 4/4
   744 | D:2      | Reached XP level 3. HP: 23/23 MP: 5/5
   914 | D:4      | Reached skill level 5 in Stealth
   914 | D:4      | Reached XP level 4. HP: 15/28 MP: 6/6
  1059 | D:4      | Reached skill level 1 in Polearms
  1068 | D:4      | Reached XP level 5. HP: 18/33 MP: 7/7
  1380 | D:4      | Found a glowing silver altar of Zin.
  1380 | D:4      | Found a burning altar of Makhleb.
  1381 | D:4      | Noticed an Executioner
  1381 | D:4      | Noticed an angel
  1528 | D:4      | Reached XP level 6. HP: 4/38 MP: 8/8
  1884 | D:4      | Noticed Natasha
  1887 | D:4      | Killed Natasha
  1920 | D:4      | Noticed Sigmund
  2171 | D:4      | Noticed Robin
  2263 | D:4      | Noticed Natasha
  2272 | D:4      | Killed Natasha
  2272 | D:4      | Reached XP level 7. HP: 31/43 MP: 9/9
  2651 | D:5      | Entered Level 5 of the Dungeon
  2651 | D:5      | Noticed a hippogriff
  2660 | D:5      | Reached skill level 5 in Polearms
  2783 | D:4      | Noticed Natasha
  2787 | D:4      | Killed Natasha
  2801 | D:4      | Killed Sigmund
  2995 | D:7      | Reached XP level 8. HP: 44/48 MP: 10/10
  3050 | D:7      | Found a staircase to the Ecumenical Temple.
  3059 | Temple   | Entered the Ecumenical Temple
  3076 | Temple   | Became a worshipper of Fedhas Madash
  3128 | D:5      | Found Dishraste's Weapon Emporium.
  3294 | D:3      | Reached * piety under Fedhas
  3699 | D:2      | Found a shattered altar of Ashenzari.
  4038 | D:2      | Found a glowing golden altar of the Shining One.
  4047 | D:2      | Found a basalt altar of Yredelemnul.
  4323 | D:2      | Noticed an angel
  5071 | D:4      | Reached skill level 1 in Invocations
  5111 | D:4      | Killed Robin
  5114 | D:4      | Reached ** piety under Fedhas
  5154 | D:5      | Reached skill level 1 in Slings
  5194 | D:5      | Found Nopruihe's Assorted Antiques.
  5277 | D:5      | Killed a hippogriff
  5402 | D:5      | Noticed Prince Ribbit
  5420 | D:5      | Killed Prince Ribbit
  5436 | D:5      | Found a shimmering altar of Xom.
  5508 | D:5      | Reached XP level 9. HP: 41/53 MP: 11/11
  5567 | D:5      | Found Mampufra's Book Boutique.
  5615 | D:5      | Found Loan's General Store.
  6479 | D:7      | Reached *** piety under Fedhas
  6762 | D:7      | Reached skill level 10 in Stealth
  6762 | D:7      | Reached skill level 5 in Invocations
  6878 | D:7      | Found a snail-covered altar of Cheibriados.
  6945 | D:7      | Reached **** piety under Fedhas
  7184 | D:7      | Found a roughly hewn altar of Beogh.
  7497 | D:8      | Noticed Pikel
  7502 | D:8      | Killed Pikel
  7502 | D:8      | Reached XP level 10. HP: 7/58 MP: 13/15
  7657 | D:8      | Noticed Joseph
  7737 | D:8      | Killed Joseph
  7747 | D:8      | Noticed Erolcha
  7983 | D:8      | Killed Erolcha
  8249 | D:8      | Found an opulent altar of Gozag.
  8421 | D:8      | Found a staircase to the Lair.
  8472 | D:8      | Found an opulent altar of Gozag.
  8907 | D:9      | Found Adeiwog's Antique Weapon Shoppe.
  8924 | D:9      | Noticed Sagrath01's ghost (novice CeGl)
  8936 | D:9      | Killed Sagrath01's ghost
  8936 | D:9      | Reached skill level 5 in Slings
  8936 | D:9      | Reached skill level 5 in Dodging
  9298 | D:9      | Reached XP level 11. HP: 37/63 MP: 17/17
  9971 | D:9      | Gained mutation: You passively map a small area around you. [mutagenic meat]
  9972 | D:9      | Gained mutation: Your system is resistant to poisons. [mutagenic meat]
  9973 | D:9      | Gained mutation: You are dopey. (Int -2) [mutagenic meat]
  9974 | D:9      | Gained mutation: Your flesh is cold resistant. [mutagenic meat]
  9975 | D:9      | Gained mutation: Your flesh is very cold resistant. [mutagenic meat]
 10082 | D:5      | Bought a fine greatsling for 460 gold pieces
 10082 | D:5      | Identified the +6 greatsling of Fidil {velocity, rN+ Int-5 Dex+2 Stlth+} (You bought it in a shop on level 5 of the Dungeon)
 10321 | D:10     | Entered Level 10 of the Dungeon
 10415 | D:10     | Noticed a hill giant
 10422 | D:10     | Killed a hill giant
 10554 | D:10     | Found a staircase to the Orcish Mines.
 10884 | D:10     | Found a glowing silver altar of Zin.
 11181 | D:10     | Lost mutation: You are dopey. (Int -2) [mutagenic meat]
 11182 | D:10     | Gained mutation: You are clumsy. (Dex -2) [mutagenic meat]
 11183 | D:10     | Gained mutation: You have very sharp teeth. [mutagenic meat]
 11256 | D:10     | Reached skill level 1 in Shields
 11306 | D:11     | Reached ***** piety under Fedhas
 11424 | D:11     | Noticed Sonja
 11826 | D:11     | Killed Sonja
 12167 | D:11     | Got an ichor-stained shield
 12178 | D:11     | Identified the +4 shield of Atheism {rN+} (You found it on level 11 of the Dungeon)
 12266 | D:11     | Noticed a green ugly thing
 12274 | D:11     | Killed a green ugly thing
 12704 | D:12     | Reached skill level 2 in Shields
 12770 | D:12     | Noticed a brown ugly thing
 12773 | D:12     | Noticed an unseen horror
 12774 | D:12     | Noticed Azrael
 12775 | D:12     | Reached skill level 10 in Invocations
 12816 | D:12     | HP: 2/63 [orc priest/divine providence (11)]
 13013 | D:12     | Killed a brown ugly thing
 13013 | D:12     | Reached skill level 3 in Shields
 13024 | D:12     | Gained mutation: Your flesh is almost immune to the effects of cold. [mutagenic meat]
 13025 | D:12     | Gained mutation: Your mind is acute. (Int +2) [mutagenic meat]
 13046 | D:12     | Killed Azrael
 13046 | D:12     | Reached XP level 12. HP: 58/68 MP: 19/19
 13269 | D:12     | Found a shadowy altar of Dithmenos.
 13709 | D:13     | Reached skill level 4 in Shields
 13823 | D:13     | Noticed Josephine
 13835 | D:13     | Killed Josephine
 13947 | D:13     | Noticed a fire giant
 13965 | D:13     | Noticed a seven-headed hydra
 14119 | Orc:1    | Entered Level 1 of the Orcish Mines
 14182 | Orc:1    | Noticed Harold
 14204 | Orc:1    | Killed Harold
 14384 | Orc:2    | Entered Level 2 of the Orcish Mines
 14384 | Orc:2    | Found a staircase to the Elven Halls.
 14384 | Orc:2    | Noticed an ettin
 14394 | Orc:1    | Killed an ettin
 14917 | Lair:1   | Entered Level 1 of the Lair of Beasts
 14987 | Lair:1   | Reached skill level 5 in Shields
 15605 | Lair:1   | Noticed a six-headed hydra
 15614 | Lair:1   | Killed a six-headed hydra
 15888 | Lair:2   | Noticed a four-headed hydra
 15894 | Lair:2   | Killed a four-headed hydra
 16015 | Lair:2   | Found a labyrinth entrance.
 16020 | Lair:2   | Noticed a seven-headed hydra
 16029 | Lair:2   | Killed a seven-headed hydra
 16029 | Lair:2   | Reached XP level 13. HP: 40/76 MP: 11/21
 16066 | Lab      | Entered a labyrinth
 16401 | Lab      | Reached skill level 6 in Shields
 16546 | Lab      | Found an exit through the horrors of the Abyss.
 16747 | Lab      | Noticed a minotaur
 16832 | Lab      | Killed a minotaur
 17035 | Lair:2   | Learned a level 2 spell: Repel Missiles
 18117 | Lair:3   | Reached ****** piety under Fedhas
 18218 | Lair:3   | Reached skill level 7 in Shields
 18336 | Lair:3   | Reached skill level 10 in Slings
 18506 | Lair:3   | Found a hole to the Spider Nest.
 18990 | Lair:3   | You fall through a shaft!
 19688 | Lair:4   | Found a staircase to the Swamp.
 19877 | Lair:5   | Got a brightly glowing amber ring
 19890 | Lair:5   | Identified the ring of Apueno {SInv Stlth+} (You found it on level 5 of the Lair of Beasts)
 20121 | Lair:5   | Got an iridescent long sword
 20122 | Lair:5   | Identified the +8 long sword "Nintabio" {vamp, rElec Int+4 Stlth+} (You found it on level 5 of the Lair of Beasts)
 20497 | Lair:5   | Reached XP level 14. HP: 50/86 MP: 21/23
 20712 | Lair:5   | Reached skill level 8 in Shields
 21449 | Lair:6   | Found a viscous altar of Jiyva.
 21449 | Lair:6   | Found a staircase to the Slime Pits.
 21863 | Lair:6   | Reached skill level 5 in Fighting
 22316 | Lair:7   | Noticed Nessos
 22338 | Lair:7   | Killed Nessos
 23008 | Lair:7   | Gained mutation: You are partially covered in large bone plates (AC +2, SH +2). [potion of mutation]
 23008 | Lair:7   | Lost mutation: Your system is resistant to poisons. [potion of mutation]
 23136 | Lair:8   | Entered Level 8 of the Lair of Beasts
 23266 | Lair:8   | Reached skill level 9 in Shields
 23685 | Lair:8   | Noticed Maud
 23706 | Lair:8   | Killed Maud
 23721 | Lair:8   | Gained mutation: You are covered in fur (AC +1). [potion of mutation]
 23721 | Lair:8   | Gained mutation: Your magical capacity is low (-10% MP). [potion of mutation]
 24231 | Lair:8   | Reached XP level 15. HP: 16/94 MP: 9/22
 24569 | Lair:8   | Reached skill level 10 in Shields
 25638 | Lair:8   | Gained mutation: Your mind is very acute. (Int +4) [mutagenic meat]
 25639 | Lair:8   | Gained mutation: You are resistant to hostile enchantments. [mutagenic meat]
 25640 | Lair:8   | Lost mutation: You are resistant to hostile enchantments. [mutagenic meat]
 26069 | Lair:2   | Learned a level 2 spell: Blink
 26072 | Lair:2   | Learned a level 2 spell: Shroud of Golubria
 26075 | Lair:2   | Learned a level 2 spell: Swiftness
 26405 | Orc:2    | Found Luesokh's Magic Scroll Shop.
 26405 | Orc:2    | Found Diawn's Magic Scroll Emporium.
 26504 | Orc:2    | Found Heacsurph's Magic Scroll Shop.
 26517 | Orc:2    | Bought a scroll of teleportation for 39 gold pieces
 26517 | Orc:2    | Bought a scroll of teleportation for 39 gold pieces
 26517 | Orc:2    | Bought a scroll of blinking for 97 gold pieces
 26517 | Orc:2    | Bought a scroll of noise for 13 gold pieces
 26788 | Orc:2    | Found Xoyturi's Distillery.
 26856 | Orc:2    | Found an ancient bone altar of Kikubaaqudgha.
 26881 | Orc:2    | Found Esorrec's Antique Weapon Emporium.
 26890 | Orc:2    | Reached skill level 10 in Dodging
 26890 | Orc:2    | Reached skill level 11 in Shields
 26979 | Orc:2    | Found a roughly hewn altar of Beogh.
 26979 | Orc:2    | Found Naser's Antique Weapon Shoppe.
 27000 | Orc:2    | Found Sainn's Book Shoppe.
 27059 | Orc:2    | Found a radiant altar of Vehumet.
 27165 | Orc:2    | Found Boonlure's Distillery.
 27173 | Orc:2    | Bought a potion of mutation for 37 gold pieces
 27173 | Orc:2    | Lost mutation: Your magical capacity is low (-10% MP). [potion of mutation]
 27174 | Orc:2    | Bought a potion of agility for 60 gold pieces
 27426 | Orc:1    | Noticed Maurice
 27435 | Orc:1    | Killed Maurice
 27774 | D:13     | Noticed a frost giant
 28740 | D:13     | Killed a frost giant
 29044 | D:13     | Lost mutation: Your flesh is almost immune to the effects of cold. [mutagenic meat]
 29073 | D:13     | Killed a fire giant
 29073 | D:13     | Reached XP level 16. HP: 83/103 MP: 25/25
 29282 | D:14     | Noticed Frances
 29600 | Swamp:1  | Entered Level 1 of the Swamp
 29820 | Swamp:1  | Reached skill level 12 in Shields
 31145 | Swamp:2  | Found a frozen archway.
 31184 | IceCv    | Entered an ice cave
 31336 | IceCv    | Lost mutation: Your mind is very acute. (Int +4) [mutagenic meat]
 31337 | IceCv    | Lost mutation: Your mind is acute. (Int +2) [mutagenic meat]
 31338 | IceCv    | Gained mutation: You are weak. (Str -2) [mutagenic meat]
 32492 | IceCv    | Noticed an Ice Fiend
 33126 | IceCv    | Killed an Ice Fiend
 33249 | IceCv    | Learned a level 3 spell: Regeneration
 33254 | IceCv    | Learned a level 4 spell: Summon Lightning Spire
 34074 | Swamp:2  | Reached skill level 13 in Shields
 34074 | Swamp:2  | Reached skill level 1 in Spellcasting
 34368 | Swamp:2  | Found a shattered altar of Ashenzari.
 34600 | Swamp:3  | Noticed Louise
 34831 | Swamp:3  | Killed Louise
 34831 | Swamp:3  | Killed a thorn hunter
 34877 | Swamp:3  | Noticed Aizul
 34906 | Swamp:3  | Killed Aizul
 34911 | Swamp:3  | Gained mutation: You are somewhat resistant to further mutation. [mutagenic meat]
 35017 | Swamp:3  | Found a white marble altar of Elyvilon.
 35048 | Swamp:3  | Reached XP level 17. HP: 96/111 MP: 26/26
 35626 | Swamp:4  | Entered Level 4 of the Swamp
 35644 | Swamp:4  | Noticed Mara
 36549 | Swamp:1  | Reached skill level 1 in Charms
 36872 | Elf:1    | Entered Level 1 of the Elven Halls
 36930 | Orc:2    | Reached skill level 1 in Necromancy
 36979 | Elf:1    | Found a magical portal.
 37006 | WizLab   | Entered Cigotuvi's Fleshworks
 37658 | WizLab   | Reached skill level 14 in Shields
 37671 | WizLab   | Gained mutation: You are resistant to hostile enchantments. [mutagenic meat]
 37988 | WizLab   | Noticed Cigotuvi's Monster
 38213 | WizLab   | Killed Cigotuvi's Monster
 38333 | WizLab   | Lost mutation: You are weak. (Str -2) [potion of cure mutation]
 38333 | WizLab   | Lost mutation: You passively map a small area around you. [potion of cure mutation]
 38441 | WizLab   | Gained mutation: You are somewhat resistant to both further mutation and mutation removal. [mutagenic meat]
 38571 | WizLab   | Gained mutation: Potions and wands are less effective at restoring your health. [mutagenic meat]
 38847 | WizLab   | Gained mutation: Your muscles are strong. (Str +2) [mutagenic meat]
 38908 | WizLab   | HP: 2/111 [purple very ugly thing (24)]
 38985 | WizLab   | Identified the Volume of Transformation
 38993 | WizLab   | Identified the Collected Works on Shape Shifting
 38999 | WizLab   | Identified Cigotuvi's Incunabulum of Evil Transmigration
 39262 | Elf:1    | Noticed Asterion
 39521 | Elf:1    | Found Pirutah's General Store.
 39687 | Elf:1    | Killed Asterion
 39962 | Elf:1    | Noticed a Brimstone Fiend
 40224 | Elf:1    | Noticed a Brimstone Fiend
 40519 | Elf:1    | Reached XP level 18. HP: 68/117 MP: 27/27
 41026 | Elf:3    | Entered Level 3 of the Elven Halls
 41036 | Elf:3    | Learned a level 3 spell: Ozocubu's Armour
 41432 | Swamp:3  | Lost mutation: Your flesh is very cold resistant. [potion of cure mutation]
 41432 | Swamp:3  | Lost mutation: You are partially covered in large bone plates (AC +2, SH +2). [potion of cure mutation]
 41432 | Swamp:3  | Lost mutation: Your flesh is cold resistant. [potion of cure mutation]
 41824 | Elf:2    | Reached skill level 15 in Shields
 41914 | Elf:3    | Found a portal to a secret trove of treasure.
 42495 | Elf:3    | Noticed a Brimstone Fiend
 42679 | Elf:3    | Reached skill level 5 in Spellcasting
 42679 | Elf:3    | Reached skill level 5 in Charms
 42928 | Elf:3    | Noticed a deep elf blademaster
 42970 | Elf:3    | Noticed a Tzitzimitl
 43141 | Elf:3    | Reached skill level 5 in Necromancy
 43889 | Elf:3    | Noticed a deep elf master archer
 44651 | Elf:3    | Killed a deep elf blademaster
 44743 | Elf:3    | Noticed a deep elf master archer
 44779 | Elf:3    | Killed a deep elf master archer
 44945 | Elf:3    | Killed a deep elf master archer
 44968 | Elf:3    | Got a flickering glass ring
 44986 | Elf:3    | Got a translucent amber ring
 45034 | Elf:3    | Identified the ring of Ru's Brutal Revenge {rElec Int+2 Dex+3 Stlth+} (You took it off a deep elf sorcerer on level 3 of the Elven Halls)
 45036 | Elf:3    | Identified the ring of Liberty {MP+9 Str+6} (You took it off a deep elf mage on level 3 of the Elven Halls)
 45038 | Elf:3    | Got a clouded bronze ring
 45040 | Elf:3    | Identified the ring "Zayruw" {rPois Int+3} (You found it on level 3 of the Elven Halls)
 45052 | Elf:3    | Identified a +4 rod of shadows (9/9) (You found it on level 3 of the Elven Halls)
 45056 | Elf:3    | Identified a +4 rod of clouds (13/13) (You found it on level 3 of the Elven Halls)
 45103 | Elf:3    | Noticed a deep elf blademaster
 45120 | Elf:3    | Killed a deep elf blademaster
 45171 | Elf:3    | Learned a level 3 spell: Mephitic Cloud
 45176 | Elf:3    | Got a faintly glowing hunting sling
 45177 | Elf:3    | Identified the +8 hunting sling of Death {flame, rC++ MP-9} (You found it on level 3 of the Elven Halls)
 45370 | Elf:3    | Reached skill level 5 in Evocations
 45466 | Elf:3    | Reached XP level 19. HP: 122/122 MP: 28/28
 45649 | Elf:2    | Found a huge runed gate.
 45649 | Elf:2    | Found a huge runed gate.
 45649 | Elf:2    | Found a huge runed gate.
 45672 | Elf:2    | Found a huge runed gate.
 45672 | Elf:2    | Found a huge runed gate.
 46346 | Elf:2    | HP: 6/122 [trident of freezing (1)]
 47113 | Lair:2   | Reached skill level 1 in Maces & Flails
 47204 | Spider:1 | Entered Level 1 of the Spider Nest
 48441 | Spider:2 | Reached skill level 5 in Maces & Flails
 49229 | Spider:3 | Reached skill level 10 in Evocations
 49371 | Spider:3 | Identified a +1 rod of clouds (14/14) (You found it on level 2 of the Spider Nest)
 49381 | Spider:3 | Gained mutation: You are dopey. (Int -2) [potion of mutation]
 49382 | Spider:3 | Lost mutation: You are somewhat resistant to both further mutation and mutation removal. [potion of mutation]
 49382 | Spider:3 | Gained mutation: Your system is resistant to poisons. [potion of mutation]
 49386 | Spider:3 | Lost mutation: You are clumsy. (Dex -2) [potion of mutation]
 49391 | Spider:3 | Lost mutation: Your muscles are strong. (Str +2) [potion of mutation]
 49391 | Spider:3 | Gained mutation: You are highly resistant to hostile enchantments. [potion of mutation]
 49394 | Spider:3 | Gained mutation: You have a pair of small antennae on your head. [potion of beneficial mutation]
 49565 | Spider:3 | Noticed Arachne
 49609 | Spider:3 | Killed Arachne
 49954 | Spider:4 | Entered Level 4 of the Spider Nest
 50336 | D:14     | Killed Frances
 50522 | D:14     | Found a gate to the Vaults.
 50530 | D:14     | Found a shadowy altar of Dithmenos.
 50565 | D:15     | Entered Level 15 of the Dungeon
 50897 | D:14     | Noticed Kirke
 50906 | D:14     | Killed Kirke
 50915 | D:14     | Reached XP level 20. HP: 86/128 MP: 29/29
 51061 | D:14     | Found a shimmering altar of Xom.
 51284 | D:14     | Found Omoc's Food Emporium.
 51329 | D:14     | Gained mutation: You are agile. (Dex +2) [mutagenic meat]
 51348 | D:14     | Bought a meat ration for 60 gold pieces
 51348 | D:14     | Bought a bread ration for 60 gold pieces
 51348 | D:14     | Bought a meat ration for 60 gold pieces
 51348 | D:14     | Bought a bread ration for 60 gold pieces
 51348 | D:14     | Bought a beef jerky for 18 gold pieces
 51348 | D:14     | Bought 4 fruits for 72 gold pieces
 51348 | D:14     | Bought a beef jerky for 18 gold pieces
 51348 | D:14     | Bought a beef jerky for 18 gold pieces
 51524 | D:15     | Found a staircase to the Depths.
 51588 | D:15     | Found a blossoming altar of Fedhas.
 52985 | Swamp:4  | Noticed a bone dragon
 53119 | Swamp:4  | Killed Mara
 53828 | Swamp:3  | Reached skill level 10 in Maces & Flails
 55024 | Swamp:4  | Got a decaying rune of Zot
 56338 | Spider:4 | Noticed Sagrath01's ghost (adept DsGl)
 56434 | Spider:4 | Killed Sagrath01's ghost
 56589 | Spider:4 | Noticed Nikola
 56934 | Spider:4 | Slain by a tarantella

Vault maps used:
D:1:      tarquinn_simple_flora_water_b
D:2:      grunt_temple_overflow_holy_war, evilmike_ruin_ashenzari
D:4:      grunt_temple_overflow_order_and_chaos_2, first_bread, uniq_sigmund,
          uniq_robin, uniq_natasha
D:5:      old_standard_altar, serial_shops, shop, kennysheep_mini, shop,
          nicolae_shop_crystal, uniq_prince_ribbit1
D:7:      cheibriados_altar_wand_db, minmay_temple_entry_steel_oval,
          david_defended_altar_orc
D:8:      grunt_gozag_breadcrumbs, lair_0_dummy, basic_altar,
          blue_anna_alchemist, lemuel_statue_altar, uniq_pikel, uniq_erolcha,
          uniq_joseph
D:9:      serial_shops, shop
D:10:     david_orc_3, basic_altar
D:11:     uniq_sonja
D:12:     basic_altar, uniq_azrael
D:13:     minmay_bad_star, uniq_josephine
D:14:     erik_vaults_2, nicolae_dithmenos_shadow_blocks, serial_shops,
          kennysheep_mini_moat, basic_altar, uniq_kirke, uniq_frances
D:15:     hangedman_depths_entry_civil_slaughter, fedhas_altar_3,
          serial_bayou_lake_a
Temple:   circular_temple_pool_12
Lair:1:   bh_autumn_forest_stairs
Lair:2:   kennysheep_rathole, lab_entry_generic
Lair:3:   spider_nest_entry_funnel_web
Lair:4:   nicolae_swamp_entry_splash_gauntlet
Lair:5:   beast_lair_carwin_3, grunt_megastairs_4
Lair:6:   slime_altar_1, beast_lair_carwin_7
Lair:7:   uniq_nessos
Lair:8:   guppyfry_lair_end_dragon, hangedman_lair_tendril_chambers, uniq_maud
Swamp:1:  hangedman_swamp_cone
Swamp:2:  portal_ice_cave_entry_frozen_things, nicolae_swamp_godswood,
          infiniplex_staircase_pool_2
Swamp:3:  nicolae_swamp_feature_on_the_river_bank, grunt_lady_of_the_lake,
          uniq_louise, uniq_aizul
Swamp:4:  swamp_pestilence, uniq_mara
Spider:3: hangedman_spider_mandibles, nicolae_looking_at_the_future,
          nicolae_spider_cling_halls, uniq_arachne
Spider:4: grunt_spider_rune_circles, uniq_nikola
Orc:1:    uniq_harold, uniq_maurice
Orc:2:    kennysheep_orc_mage_school, serial_shops, shop_statue, shop_fountains,
          shop, shop
Elf:1:    eino_elf_arrival_the_gate, serial_shops, shop,
          lightli_enter_wizlab_magi_temple, kennysheep_underground_church,
          uniq_asterion
Elf:3:    elf_hall_gauntlet_narrow, nicolae_trove_entry_free_sample,
          stair_cage_cross
Lab:      labyrinth_hidden_loot, labyrinth_fake_exit, nicolae_lab_arrow,
          labyrinth_skeletal_remains, nicolae_lab_grate
IceCv:    ice_cave_caverns_03
WizLab:   wizlab_cigotuvi

Skill      XL: |  1  2  3  4  5  6  7  8  9 10 11 12 13 14 15 16 17 18 19 20 |
---------------+-------------------------------------------------------------+-----
Stealth        | 2 4 5 6 7 8 9 10 11 12 13 14 | 14.6
Polearms       | 2 3 4 6 7 8 |  8.6
Invocations    | 3 6 8 10 11 12 13 | 13.0
Slings         | 2 3 5 7 9 10 11 13 14 | 14.0
Dodging        | 3 4 5 6 7 8 9 10 11 12 13 | 13.2
Shields        | 3 5 7 9 11 13 14 15 | 15.8
Fighting       | 2 4 5 7 8 |  8.4
Spellcasting   | 2 4 6 |  6.1
Charms         | 4 6 |  6.3
Necromancy     | 4 6 |  6.2
Evocations     | 5 11 13 | 13.2
Maces & Flails | 7 11 | 11.4
Short Blades   | |  1.0

Action                   |  1- 3 |  4- 6 |  7- 9 | 10-12 | 13-15 | 16-18 | 19-21 || total
-------------------------+-------+-------+-------+-------+-------+-------+-------++-------
Melee: Short sword       |    52 |     1 |     4 |     5 |       |       |       ||    62
       Trident           |       |    92 |   347 |   289 |    16 |   357 |    14 ||  1115
       Eveningstar       |       |       |       |       |       |       |   663 ||   663
       Greatsling        |       |       |       |       |       |       |     4 ||     4
 Fire: Hunting sling     |       |       |    15 |     7 |       |       |       ||    22
       Greatsling        |       |       |       |   476 |  1995 |  2264 |  1021 ||  5756
 Cast: Regeneration      |       |       |       |       |       |    25 |    42 ||    67
       Repel Missiles    |       |       |       |       |       |    11 |     1 ||    12
       Shroud of Golubri |       |       |       |       |       |     1 |     5 ||     6
       Mephitic Cloud    |       |       |       |       |       |       |     1 ||     1
Invok: Evolution         |       |       |     2 |    16 |    19 |    18 |    19 ||    74
       Sunlight          |       |       |     1 |     1 |       |     3 |       ||     5
       Reproduction      |       |       |       |     3 |     7 |    11 |     1 ||    22
       Growth            |       |       |       |       |       |     2 |       ||     2
       Rain              |       |       |       |       |       |     7 |       ||     7
Evoke: Wand              |     2 |     2 |    15 |    27 |    46 |    68 |    25 ||   185
       Stone of tremors  |       |       |       |       |       |     3 |     2 ||     5
       Rod               |       |       |       |       |       |     2 |     1 ||     3
       Disc of storms    |       |       |       |       |       |       |     2 ||     2
  Use: Potion            |       |     2 |     7 |     2 |     6 |    11 |    25 ||    53
       Scroll            |       |       |     7 |    20 |    15 |    24 |    16 ||    82
 Stab: Sleeping          |     9 |     3 |    36 |     6 |       |    13 |    18 ||    85
       Distracted        |       |       |     1 |     5 |       |     3 |     9 ||    18
       Confused          |       |       |       |     3 |       |     8 |    14 ||    25
       Paralysed         |       |       |       |     3 |       |       |       ||     3
  Eat: Chunk             |       |     4 |     3 |    15 |     6 |    56 |    45 ||   129
       Meat ration       |       |       |     1 |     1 |     1 |    10 |     2 ||    15
       Royal jelly       |       |       |     1 |       |     1 |       |       ||     2
       Bread ration      |       |       |     1 |     4 |     6 |     1 |     1 ||    13
       Pizza             |       |       |     1 |     1 |     5 |     1 |       ||     8
       Beef jerky        |       |       |       |     1 |       |       |     3 ||     4
